 Dungeon Crawl Stone Soup version 0.31-a0-662-g684573625c (webtiles) character file.

Game seed: 1726980397461316589

868 avis the Changeling (level 7, -2/31 HPs)
             Began as a Felid Shapeshifter on Sept 1, 2023.
             Was an Initiate of Gozag.
             Killed by divine providence
             ... invoked by a meliai
              (12 damage)
             ... on level 5 of the Dungeon.
             The game lasted 00:21:53 (4858 turns).

avis the Changeling (Felid Shapeshifter)            Turns: 4858, Time: 00:21:54

Health: -2/31      AC:  2    Str: 12    XL:     7   Next: 73%
Magic:  8/8        EV: 19    Int: 12    God:    Gozag
Gold:   274        SH:  0    Dex: 15    Spells: 6/6 levels left
                                        Lives:  0   Deaths: 3

rFire   . .          .
                       - Unarmed
rCold   . . .        (shield unavailable)
rNeg    . . .        (body armour unavailable)
rPois   .            (helmet unavailable)
rElec   .            (cloak unavailable)
rCorr   .            (gloves unavailable)
SInv    +            (boots unavailable)
Will    +....        (no amulet)
Stlth   ++           (no ring)
HPRegen 0.25/turn    (no ring)
MPRegen 0.11/turn

%: no passive effects
@: beast-form, hasted, very quick
A: beast (slay +3), very small, claws 1, fangs 3, see invisible, speed 1, shaggy
fur 2, stealthy paws, no weapons or thrown items, no armour, multi-lived
a: Begin Untransformation, Renounce Religion, Potion Petition, Call Merchant,
Bribe Branch


You were on level 5 of the Dungeon.
You worshipped Gozag.
Gozag was aware of your devotion.
You were a hulking beast.
You visited 1 branch of the dungeon, and saw 5 of its levels.

You collected 656 gold pieces.
You paid 382 gold pieces to Gozag.

Inventory:

Jewellery
 v - a +6 ring of intelligence
Talismans
 b - a beast talisman (active)
 c - a flux talisman
 l - a beast talisman (active)
Wands
 i - a wand of polymorph (4)
 x - a wand of digging (4)
Scrolls
 d - 2 scrolls of poison {unknown}
 e - 2 scrolls of enchant armour
 g - a scroll of acquirement {unknown}
 j - a scroll of torment {unknown}
 m - 2 scrolls of amnesia {unknown}
 n - 2 scrolls of teleportation {unknown}
 p - a scroll of immolation {unknown}
 u - a scroll of fear {unknown}
Potions
 a - a potion of lignification
 f - a potion of haste
 h - 2 potions of brilliance
 k - a potion of attraction
 o - 2 potions of heal wounds {unknown}
 q - 2 potions of ambrosia
 r - a potion of degeneration {unknown}
 s - a potion of might {unknown}
 t - 4 potions of berserk rage {unknown}
 w - a potion of resistance {unknown}


   Skills:
 + Level 3.8 Fighting
 + Level 5.7 Dodging
 - Level 2.0 Stealth
 + Level 4.8 Unarmed Combat
 * Level 6.3 Shapeshifting


You had 6 spell levels left.
You didn't know any spells.
Your spell library contained the following spells:

 Spells                   Type           Power      Damage    Failure   Level
 Apportation              Tloc           0%         N/A       32%         1
 Necrotise                Necr           0%         1d4       32%         1
 Summon Small Mammal      Summ           0%         N/A       32%         1
 Inner Flame              Hex/Fire       0%         N/A       69%         3
 Flame Wave               Conj/Fire      0%         2d4       97%         4
 Sticky Flame             Conj/Fire      0%         2d3       97%         4


Dungeon Overview and Level Annotations

Branches:
Dungeon (5/15)
 Temple: D:4-7

Altars:
Cheibriados
Gozag
Uskayaw
Zin
The Shining One


Innate Abilities, Weirdness & Mutations

You are a hulking beast.
Your limbs bulge with bestial killing power. (Slay +3)
You have sharp claws.
You have razor-sharp teeth.
You have supernaturally acute eyesight. (SInv)
You cover ground quickly. (Speed+)
You are covered in thick fur. (AC +2)
Your paws help you pounce on unaware monsters.
You are incapable of wielding weapons or throwing items.
You cannot wear armour.
You gain extra lives every three experience levels.


Message History

The orc hits you with a +0 club.
You shred the net and break free! The gnoll hits you with a +0 whip.
The orc completely misses you.
You closely miss the gnoll. You bite the gnoll.
The gnoll is moderately wounded.
The gnoll barely misses you.
You barely miss the gnoll. You bite the gnoll.
The gnoll is severely wounded.
The gnoll hits you with a +0 whip.
You closely miss the gnoll. You bite the gnoll.
You kill the gnoll!
You closely miss the orc. Your claw misses the orc. The orc barely misses you.
You barely miss the orc. Your bite misses the orc.
The orc hits you with a +0 club.
You claw the orc!
You kill the orc!
The gnoll attacks as it pursues you! The gnoll barely misses you.
The orc attacks as it pursues you! The orc closely misses you.
The orc is distracted by your dazzling golden aura.
The meliai buzzes angrily.
As you read the scroll labelled SUNWEUM ETIQ, it crumbles to dust.
It is a scroll of enchant armour.
You aren't carrying any armour which can be enchanted further.
You feel yourself speed up. The meliai completely misses you.
The meliai misses you. The meliai hits you. The meliai closely misses you.
You scratch the meliai.
The meliai is lightly wounded.
The meliai barely misses you. The meliai completely misses you.
You scratch the meliai.
The meliai is moderately wounded.
The meliai misses you. x2
You scratch the meliai.
The meliai is heavily wounded.
The meliai hits you!
The meliai closely misses you. x2; The meliai misses you.
You barely miss the meliai. Your bite misses the meliai.
The meliai is heavily wounded.
The meliai calls down the wrath of its god upon you.
Something smites you!
You die...
Your body crumbles into a pile of gold.

#.## #.# #.# #.# ## #.#
#.# #.# #.# .#
#.#####.###.########
#.# .#
#.##..g....g.......#
#.# ##
#.##.#############.#
#.# #.##.# ##########.#
#.# ##.##.#
#..........# #.#
#####...#g#
#.############.#
..........#
#..hy.......##.#
#####..o###
###########.##.# ##g##
#....).# #$#
#############.###.##
#.###.............# #)#
#g##.....########.###.#
#.#g....<.# #.....#
##...g......# ###.###
#...........########.#


You could see a meliai.

Vanquished Creatures
  Sigmund (D:2)
  Eustachio (D:5)
  A water moccasin (D:5)
  A scorpion (D:5)
  A jelly (D:4)
  An orc priest (D:5)
  A hound (D:5)
  A sleepcap (D:4)
  Terence (D:2)
  An iguana (D:5)
  An orc wizard (D:4)
  2 gnolls (D:5)
  10 adders
  An ufetubus (D:4)
  A worm (D:4)
  3 dart slugs
  11 orcs
  8 endoplasms
  6 giant cockroaches
  5 goblins
  6 hobgoblins
  3 jackals (D:1)
  4 kobolds
  7 ball pythons
  3 bats
  4 frilled lizards
  4 rats
89 creatures vanquished.

Notes
Turn   | Place    | Note
-------+----------+-------------------------------------------
     0 | D:1      | avis the Felid Shapeshifter began the quest for the Orb.
     0 | D:1      | Reached XP level 1. HP: 9/9 MP: 2/2
   297 | D:1      | Reached XP level 2. HP: 12/12 MP: 3/3
   766 | D:2      | Noticed Sigmund
   859 | D:2      | Killed Sigmund
   860 | D:2      | Reached skill level 4 in Shapeshifting
   860 | D:2      | Reached XP level 3. HP: 16/16 MP: 4/4
   860 | D:2      | Reached XP level 4. HP: 20/20 MP: 5/5
   860 | D:2      | Reached XP level 5. HP: 23/23 MP: 6/6
   949 | D:2      | Noticed Terence
   963 | D:2      | Killed Terence
  1184 | D:2      | Found a glowing silver altar of Zin.
  1541 | D:3      | Reached skill level 5 in Shapeshifting
  1699 | D:3      | Found an opulent altar of Gozag.
  1705 | D:3      | Became a worshipper of Gozag Ym Sagoz the Greedy
  2130 | D:3      | Gained mutation: You are covered in thick fur. (AC +2)
                  | [Felid growth]
  2130 | D:3      | Reached XP level 6. HP: 24/27 MP: 7/7
  2825 | D:4      | Reached skill level 1 in Stealth
  2881 | D:4      | Slain by an ufetubus
  3347 | D:4      | Mangled by an ogre
  3600 | D:4      | Found a glowing golden altar of the Shining One.
  3669 | D:5      | Entered Level 5 of the Dungeon
  3696 | D:5      | Noticed a troll
  3830 | D:5      | Reached skill level 5 in Dodging
  3974 | D:5      | Reached XP level 7. HP: 21/31 MP: 8/8
  4030 | D:5      | Found a snail-covered altar of Cheibriados.
  4088 | D:5      | Noticed Eustachio
  4111 | D:5      | Found a hide-covered altar of Uskayaw.
  4131 | D:5      | Killed Eustachio
  4223 | D:5      | Reached skill level 6 in Shapeshifting
  4729 | D:5      | a troll changed into a meliai
  4729 | D:5      | Noticed a meliai
  4734 | D:5      | Slain by a meliai
  4858 | D:5      | Killed from afar by a meliai

Illustrated notes

Levels and vault maps discovered:
D:1:      dpeg_arrival_solitude, layout_loops_ring, minmay_heptomino_o4
D:2:      layout_loops_cross, basic_altar, uniq_sigmund, uniq_terence
D:3:      minmay_bubble_buster, layout_loops_corners,
          mainiacjoe_overflow_alcove_1
D:4:      layout_loops_ring, nicolae_tso_swordbearing_angel
D:5:      layout_loops_ring, kennysheep_slug_shrine,
          mainiacjoe_overflow_chevrons, uniq_eustachio

Skill      XL: |  1  2  3  4  5  6  7 |
---------------+----------------------+-----
Dodging        | 4 5 |  5.7
Fighting       | 2 3 |  3.8
Shapeshifting  | 4 5 6 |  6.3
Unarmed Combat | 4 |  4.8
Stealth        | 2 |  2.0

Action                     |  1- 3 |  4- 6 |  7- 9 || total
---------------------------+-------+-------+-------++-------
  Melee: Unarmed           |    48 |   158 |    60 ||   266
         Bite              |     6 |    19 |     8 ||    33
         Punch             |       |     2 |     1 ||     3
 Invoke: Potion Petition   |       |       |     1 ||     1
  Evoke: Wand              |       |       |     3 ||     3
    Use: Scroll            |       |     4 |     1 ||     5
         Potion            |       |       |     1 ||     1
   Stab: Sleeping          |       |     6 |     1 ||     7
         Distracted        |       |     1 |       ||     1
 Armour: Skin              |    14 |    46 |    29 ||    89
  Dodge: Dodged            |    36 |    76 |    48 ||   160

Table legend: (Time is in decaauts)
 A = Elapsed time spent in this place.
 B = Non-inter-level travel time spent in this place.
 C = Inter-level travel time spent in this place.
 D = Time resting spent in this place.
 E = Time spent auto-exploring this place.
 F = Levels seen in this place.
 G = Mean time per level.
                   A        B        C        D        E       F      G
               +--------+--------+--------+--------+--------+-----+--------+
         Total |   4076 |   3713 |    363 |    493 |   2073 |   5 |  815.2 |
       Dungeon |   4076 |   3713 |    363 |    493 |   2073 |   5 |  815.2 |
               +--------+--------+--------+--------+--------+-----+--------+

Top non-repeatable levels by time:
     D:3: 1021 daAuts
     D:4: 885 daAuts
     D:5: 883 daAuts
     D:1: 649 daAuts
     D:2: 636 daAuts
